 Dungeon Crawl Stone Soup version 0.19.5 (webtiles) character file.

182 HAWKINGL3623 the Chucker (level 5, -1/42 HPs)
             Began as a Centaur Hunter on Apr 14, 2017.
             Slain by a leopard gecko (3 damage)
             ... on level 3 of the Dungeon.
             The game lasted 00:10:18 (2662 turns).

HAWKINGL3623 the Chucker (Centaur Hunter)           Turns: 2662, Time: 00:10:18

Health: -1/42      AC:  6    Str: 14 (15) XL:     5   Next: 35%
Magic:  5/5        EV:  9    Int: 10      God:
Gold:   122        SH:  0    Dex: 10      Spells: 0 memorised, 4 levels left

rFire  . . .     SeeInvis .     a - +1 short sword
rCold  . . .     Gourm    .     b - +2 leather armour
rNeg   . . .     Faith    .     (no shield)
rPois  .         Spirit   .     (no helmet)
rElec  .         Reflect  .     (no cloak)
rCorr  .         Harm     .     (no gloves)
MR     .....     Rnd*Tele +     (no barding)
Stlth  +.........               (no amulet)
                                (no ring)
                                e - ring of teleportation (curse)

@: lethally poisoned (-1 -> -4), very quick
A: hooves 3, deformed body, speed 2, tough skin 3
a: no special abilities


You were on level 3 of the Dungeon.
You were not hungry.

You visited 1 branch of the dungeon, and saw 3 of its levels.

You collected 122 gold pieces.

Inventory:

Hand Weapons
 a - a +1 short sword (weapon)
Armour
 b - a +2 leather armour (worn)
Jewellery
 e - a cursed ring of teleportation (left hand)
Scrolls
 h - a scroll of teleportation
Potions
 d - 2 potions of cure mutation
 i - a potion of curing
Comestibles
 f - a bread ration


   Skills:
 + Level 2.6 Fighting
 + Level 1.2 Short Blades
 + Level 5.5 Throwing
 + Level 1.5 Armour
 + Level 2.1 Dodging
 + Level 0.8 Stealth


You had 4 spell levels left.
You didn't know any spells.

Dungeon Overview and Level Annotations

Branches:
Dungeon (3/15)

Altars:


Innate Abilities, Weirdness & Mutations

You have hooves in place of feet.
Armour fits poorly on your strangely shaped body.
You cover ground very quickly.
You have extremely tough skin. (AC +3)


Message History

The leopard gecko barely misses you. The orc hits you but does no damage.
The adder bites you but does no damage.
You miss the adder. The leopard gecko bites you. The orc closely misses you.
The adder closely misses you. The leopard gecko barely misses you.
You hit the adder but do no damage. You kick the adder, but do no damage.
The adder bites you.
* * * LOW HITPOINT WARNING * * *
You are poisoned.
The adder poisons you! The orc hits you with a dagger.
* * * LOW HITPOINT WARNING * * *
The leopard gecko bites you but does no damage.
Your leather armour prevents you from hitting the adder.
Your kick misses the adder.
You feel sick. The adder barely misses you. The leopard gecko bites you.
* * * LOW HITPOINT WARNING * * *
The orc hits you but does no damage. The adder bites you but does no damage.
You hit the adder.
The adder is heavily wounded.
The leopard gecko bites you.
You die...

#..... ..... #.....
..... #.<... ..(...
........#.## ......
....###.#.##
......#######.#
..#.## ...(......#.#
...#.## #.)l....#.#
#.#.... #.o@....#.#
..#....
##..S....#.#####....
#........#.####
....#
......###.......#
....... #....#...#
....... #....#...#
.......
#....#...##..
#......
#.(........... ....
#....########.##


You could see an adder, an orc and a leopard gecko.

Vanquished Creatures
  2 orc priests (D:3)
  4 gnolls (D:2)
  An adder (D:2)
  An ooze (D:2)
  A worm (D:2)
  A dart slug (D:1)
  2 leopard geckos
  An orc (D:3)
  5 bats
  5 giant cockroaches
  8 hobgoblins
  13 jackals
  5 frilled lizards
  2 goblins
  7 kobolds
  3 rats
61 creatures vanquished.

Notes
Turn   | Place    | Note
-------+----------+-------------------------------------------
     0 | D:1      | HAWKINGL3623 the Centaur Hunter began the quest for the Orb.
     0 | D:1      | Reached XP level 1. HP: 17/17 MP: 1/1
   239 | D:1      | Reached XP level 2. HP: 24/24 MP: 2/2
   603 | D:1      | Reached skill level 5 in Throwing
   895 | D:1      | Reached XP level 3. HP: 23/29 MP: 3/3
  1833 | D:2      | Reached XP level 4. HP: 32/37 MP: 4/4
  2451 | D:2      | Reached skill level 1 in Armour
  2649 | D:3      | Reached skill level 1 in Short Blades
  2649 | D:3      | Reached XP level 5. HP: 29/42 MP: 5/5
  2661 | D:3      | HP: 1/42 [leopard gecko (2)]
  2662 | D:3      | Slain by a leopard gecko

Skill      XL: |  1  2  3  4 |
---------------+-------------+-----
Throwing       | 5 |  5.5
Dodging        | 2 |  2.1
Armour         | 1 |  1.5
Short Blades   | 1 |  1.2
Fighting       | |  2.6
Stealth        | |  0.8

Action                   |  1- 3 |  4- 6 || total
-------------------------+-------+-------++-------
Melee: Short sword       |   135 |    50 ||   185
       Kick              |    18 |    11 ||    29
Throw: Javelin           |    24 |    18 ||    42
       Throwing net      |     1 |     1 ||     2
  Use: Scroll            |     9 |     1 ||    10
       Potion            |     6 |     1 ||     7
  Eat: Chunk             |     2 |     1 ||     3
       Beef jerky        |       |     1 ||     1
Armor: Leather armour    |    63 |    24 ||    87
Dodge: Dodged            |    77 |    34 ||   111
